 Dungeon Crawl Stone Soup version 0.22.1-1-ga44c0e56f4 (webtiles) character file.

72 LLavrengius the Insei (level 4, -3/29 HPs)
             Began as an Octopode Transmuter on Nov 4, 2018.
             Slain by a phantom (10 damage)
             ... on level 3 of the Dungeon.
             The game lasted 00:06:22 (2871 turns).

LLavrengius the Insei (Octopode Transmuter)         Turns: 2871, Time: 00:06:22

Health: -3/29      AC:  1    Str:  9    XL:     4   Next: 26%
Magic:  7/7        EV: 13    Int: 16    God:
Gold:   135        SH:  0    Dex: 12    Spells: 1/7 levels left

rFire    . . .     SeeInvis .     - Unarmed
rCold    . . .     Gourm    .   (no shield)
rNeg     . . .     Faith    .   (helmet restricted)
rPois    .         Spirit   .   (no amulet)
rElec    .         Reflect  .   (no ring)
rCorr    .         Harm     .   (no ring)
MR       .....                  (no ring)
Stlth    ++........             (no ring)
HPRegen  0.09/turn              (no ring)
MPRegen  0.10/turn              (no ring)
                                (no ring)
                                (no ring)

@: no status effects
A: almost no armour, stealthy swim, amphibious, 8 rings, constrict 8, camouflage
1, gelatinous body 1
a: no special abilities


You were on level 3 of the Dungeon.
You were not hungry.

You visited 1 branch of the dungeon, and saw 3 of its levels.

You collected 135 gold pieces.

Inventory:

Hand Weapons
 k - a +0 hunting sling
Missiles
 a - 37 arrows
 d - 78 stones
 n - a javelin (quivered)
Scrolls
 e - a scroll of identify {unknown}
 i - a scroll of remove curse {unknown}
 m - a scroll of fear {unknown}
Potions
 b - 2 potions of might {unknown}
 f - 3 potions of heal wounds {unknown}
 g - a potion of haste {unknown}
 h - a potion of cancellation {unknown}
 j - 3 potions of curing
Comestibles
 c - 2 rations
 l - 4 chunks of flesh


   Skills:
 + Level 2.0 Fighting
 - Level 2.0 Dodging
 * Level 4.1 Unarmed Combat
 - Level 2.0 Spellcasting
 + Level 2.8 Transmutations


You had one spell level left.
You knew the following spells:

 Your Spells              Type           Power        Failure   Level  Hunger
a - Beastly Appendage     Tmut           ##....       7%          1    #......
b - Sticks to Snakes      Tmut           ##......     10%         2    ###....
c - Spider Form           Tmut/Pois      #.........   34%         3    ###....

Your spell library contained the following spells:

 Spells                   Type           Power        Failure   Level  Hunger
 Corona                   Hex            #......      21%         1    #......
 Ensorcelled Hibernation  Hex/Ice        #.....       30%         2    ###....
 Confuse                  Hex            #.......     52%         3    ###....
 Dazzling Spray           Conj/Hex       #.....       52%         3    ###....
 Tukima's Dance           Hex            #.......     52%         3    ###....
 Ice Form                 Ice/Tmut       #.......     75%         4    #####..
 Blade Hands              Tmut           ##........   88%         5    ######.


Dungeon Overview and Level Annotations

Branches:
Dungeon (3/15)

Altars:


Innate Abilities, Weirdness & Mutations

You cannot wear most types of armour.
You are very stealthy in the water. (Stealth+)
You are amphibious.
You can wear up to eight rings at the same time.
You can use your tentacles to constrict eight enemies at once.
Your skin changes colour to match your surroundings (Stealth+).
Your rubbery body absorbs attacks. (AC +1, EV +1)


Message History

The phantom is heavily damaged.
The phantom barely misses you.
You tentacle-slap the phantom but do no damage.
The phantom is heavily damaged.
The phantom hits you.
* * * LOW HITPOINT WARNING * * *
The phantom blinks!
You tentacle-slap the phantom but do no damage.
Your squeeze misses the phantom.
The phantom is heavily damaged.
You tentacle-slap the phantom but do no damage.
The phantom is heavily damaged.
The phantom misses you.
You tentacle-slap the phantom. Your squeeze misses the phantom.
The phantom is severely damaged.
The phantom closely misses you.
You tentacle-slap the phantom.
The phantom is severely damaged.
The phantom hits you!
You die...

#..........#
##.........#
#.....####.
#.###.#
#.#.#.######
#.#..........
#.#.#.#######
#..W..(.#
#†..@...#
#.......#
#..........#
##.........#
.(....(...#
##.........#
######..(.#
.(..#


You could see a phantom.

Vanquished Creatures
  An adder (D:2)
  2 worms (D:2)
  2 dart slugs
  2 orcs
  3 bats
  3 giant cockroaches
  7 goblins
  7 hobgoblins
  6 jackals
  A quokka (D:3)
  A ball python (D:2)
  7 frilled lizards
  5 kobolds
  A rat (D:1)
48 creatures vanquished.

Notes
Turn   | Place    | Note
-------+----------+-------------------------------------------
     0 | D:1      | LLavrengius the Octopode Transmuter began the quest for the
                  | Orb.
     0 | D:1      | Reached XP level 1. HP: 13/13 MP: 3/3
   238 | D:1      | Reached XP level 2. HP: 18/18 MP: 5/5
   246 | D:1      | Learned a level 2 spell: Sticks to Snakes
  1040 | D:2      | Reached XP level 3. HP: 23/23 MP: 6/6
  1045 | D:2      | Learned a level 3 spell: Spider Form
  1812 | D:2      | Noticed an ice beast
  2218 | D:2      | Reached skill level 4 in Unarmed Combat
  2218 | D:2      | Reached XP level 4. HP: 18/29 MP: 7/7
  2841 | D:3      | Noticed a phantom
  2871 | D:3      | Slain by a phantom

Skill      XL: |  1  2  3  4 |
---------------+-------------+-----
Unarmed Combat | 4 |  4.1
Fighting       | 2 |  2.0
Dodging        | |  2.0
Spellcasting   | |  2.0
Transmutations | |  2.8

Action                   |  1- 3 |  4- 6 || total
-------------------------+-------+-------++-------
Melee: Unarmed           |    94 |    38 ||   132
       Constrict         |    26 |     5 ||    31
       Tentacles         |    17 |     6 ||    23
       Punch             |     2 |       ||     2
Throw: Javelin           |       |     5 ||     5
 Stab: Sleeping          |     6 |     5 ||    11
  Eat: Chunk             |     2 |     1 ||     3
       Ration            |     1 |       ||     1
Armor: Skin              |    14 |       ||    14
Dodge: Dodged            |    81 |    17 ||    98
